 Dungeon Crawl Stone Soup version 0.25.1-8-g42b30a86e7 (webtiles) character file.

Game seed: 18208334728131715675

430 KamiKatze the Shield-Bearer (level 7, -5/54 HPs)
             Began as a Formicid Fighter on Dec 27, 2020.
             Blown up by Blork the orc (32 damage)
             ... with a disintegration bolt
             ... on level 4 of the Dungeon.
             The game lasted 00:15:42 (4928 turns).

KamiKatze the Shield-Bearer (Formicid Fighter)      Turns: 4928, Time: 00:15:42

Health: -5/54      AC:  8    Str: 23    XL:     7   Next: 19%
Magic:  9/9        EV:  8    Int:  7    God:
Gold:   222        SH: 10    Dex: 10    Spells: 6/6 levels left

rFire    . . .     SeeInvis +   a - +0 war axe
rCold    . . .     Gourm    .   c - +0 kite shield
rNeg     . . .     Faith    .   b - +0 scale mail
rPois    .         Spirit   .   (helmet unavailable)
rElec    .         Reflect  .   (no cloak)
rCorr    .         Harm     .   A - +0 pair of gloves
MR       .....                  (no boots)
Stlth    ..........             (no amulet)
HPRegen  0.18/turn              (no ring)
MPRegen  0.11/turn              (no ring)

@: no status effects
A: permanent stasis, dig shafts and tunnels, four strong arms, antennae 3
a: Dig, Shaft Self


You were on level 4 of the Dungeon.
You were not hungry.

You visited 1 branch of the dungeon, and saw 4 of its levels.

You collected 222 gold pieces.

Inventory:

Hand Weapons
 a - a +0 war axe (weapon)
 h - a +0 mace
 q - a +1 flail of holy wrath
 w - a +0 hand axe of flaming
 G - a +0 vampiric rapier
Missiles
 e - 147 stones
 l - 6 datura-tipped darts
 m - 6 silver javelins
 n - 31 arrows
 p - 7 boomerangs (quivered)
 u - 45 sling bullets
 C - 4 poisoned darts
Armour
 b - a +0 scale mail (worn)
 c - a +0 kite shield (worn)
 s - a +2 plate armour of cold resistance
 A - a +0 pair of gloves (worn)
Jewellery
 D - an uncursed ring of wizardry {unknown}
 F - an uncursed ring of ice {unknown}
 I - a cursed amulet of inaccuracy {unknown}
Wands
 y - a wand of acid (6)
Scrolls
 i - 5 scrolls of remove curse {unknown}
 j - a scroll of enchant armour {unknown}
 o - a scroll of immolation {unknown}
 r - 2 scrolls of fear {unknown}
 t - a scroll of identify {unknown}
 z - a scroll of random uselessness {unknown}
 B - a scroll of fog {unknown}
Potions
 d - 2 potions of might
 g - a potion of magic {unknown}
 k - 3 potions of flight {unknown}
 v - 2 potions of curing {unknown}
 x - a potion of heal wounds {unknown}
 E - a potion of haste {unknown}
 H - a potion of ambrosia {unknown}
Comestibles
 f - 9 rations


   Skills:
 + Level 4.3 Fighting
 * Level 3.9 Axes
 + Level 4.3 Armour
 + Level 0.3 Dodging
 * Level 5.6 Shields
 - Level 3.0 Evocations


You had 6 spell levels left.
You didn't know any spells.
Your spell library was empty.

Dungeon Overview and Level Annotations

Branches:
Dungeon (4/15)
 Temple: D:4-7

Altars:
Sif Muna

Annotations:
D:2 1 runed translucent door, Crazy Yiuf
D:4 Blork the orc


Innate Abilities, Weirdness & Mutations

You cannot be hasted, slowed, berserked, paralysed or teleported.
You can dig through walls and to a lower floor.
Your four strong arms can wield two-handed weapons with a shield.
You have a pair of large antennae on your head. (SInv)


Message History

You see here a dented lapis lazuli amulet.
You slash the orc!
You kill the orc!
You see here a cursed -3 club.
I - a dented lapis lazuli amulet You see here a cursed -3 club.
Found a whip.
Blork the orc comes into view.
He is wielding a +1 long sword of electrocution and carrying a wand of disintegration (4).
Blork the orc zaps a wand.
You are blasted!
Ouch! That really hurt!
Evoke which item? (* to show all) (? for menu, Esc to quit)
Aiming: Corrosive Bolt
Press: ? - help, Shift-Dir - straight line, f - Blork the orc
Aim: Blork the orc, wielding a +1 long sword of electrocution, wearing a +0 robe and carrying a wand of disintegration (3)
The bolt of acid hits Blork the orc!
Blork the orc is splashed with acid.
The acid corrodes Blork the orc!
Blork the orc is severely wounded.
Blork the orc zaps a wand.
You are blasted!
Ouch! That really hurt!
You die...

#.#
#.##.###.##.#######.#.#####
#.# #.##.# #.##.# #.#.....#
#.# #....# #....# #.#####.#
..# ###### ###### #.# #.#
###### #.#####.# .....#
#.......#
.###.#############
######### .#
#.......[.)...# .#
##......#####@# .# #..<...#
#o..# .# #....[.# ###.# .#
#......# #)# ## #......#
#.# ###.#### #.. #.# ###
#.# #.#


You could see Blork the orc (corroded).

Vanquished Creatures
  An ogre (D:3)
  A scorpion (D:4)
  3 orc priests
  A hound (D:3)
  An orc wizard (D:4)
  4 adders
  An ooze (D:3)
  An adder skeleton (D:4)
  3 worms
  4 dart slugs
  8 orcs
  9 bats
  4 giant cockroaches
  16 goblins
  11 hobgoblins
  3 jackals (D:1)
  10 kobolds
  2 quokkas
  7 frilled lizards
  6 rats
96 creatures vanquished.

Notes
Turn   | Place    | Note
-------+----------+-------------------------------------------
     0 | D:1      | KamiKatze the Formicid Fighter began the quest for the Orb.
     0 | D:1      | Reached XP level 1. HP: 18/18 MP: 1/1
    38 | D:1      | Reached XP level 2. HP: 23/24 MP: 2/2
   205 | D:1      | Reached skill level 4 in Shields
   288 | D:1      | Reached XP level 3. HP: 29/29 MP: 3/3
   925 | D:2      | Reached XP level 4. HP: 31/36 MP: 4/4
  1229 | D:2      | Found a runed translucent door.
  1230 | D:2      | Noticed Crazy Yiuf
  2066 | D:2      | Found a shimmering blue altar of Sif Muna.
  2269 | D:3      | Noticed an ogre
  2769 | D:3      | Reached XP level 5. HP: 7/42 MP: 5/5
  3298 | D:3      | Reached skill level 5 in Shields
  3418 | D:3      | Killed an ogre
  3418 | D:3      | Reached XP level 6. HP: 24/48 MP: 6/6
  3914 | D:4      | Reached skill level 1 in Evocations
  4087 | D:4      | Reached XP level 7. HP: 15/54 MP: 7/9
  4927 | D:4      | Noticed Blork the orc
  4928 | D:4      | Blown up by Blork the orc

Illustrated notes

Levels and vault maps discovered:
D:1:      grunt_arrival_lava_bath, layout_basic, minmay_misc_feat_doors
D:2:      layout_basic, minmay_misc_feat_iff, st_stairs_7, led_sif_pool,
          uniq_crazy_yiuf_cottage
D:3:      layout_loops_ring, nrook_loot_triangle, minmay_ogre_servants
D:4:      layout_basic, first_ration, uniq_blork_the_orc

Skill      XL: |  1  2  3  4  5  6  7 |
---------------+----------------------+-----
Shields        | 4 5 |  5.6
Axes           | 3 |  3.9
Armour         | 4 |  4.3
Fighting       | 4 |  4.3
Evocations     | 2 3 |  3.0
Dodging        | |  0.3

Action                   |  1- 3 |  4- 6 |  7- 9 || total
-------------------------+-------+-------+-------++-------
Melee: War axe           |    86 |   214 |    28 ||   328
Throw: Stone             |     1 |     3 |       ||     4
       Dart              |       |     3 |       ||     3
       Boomerang         |       |    10 |       ||    10
Evoke: Wand              |       |     1 |     2 ||     3
  Eat: Chunk             |       |    11 |     2 ||    13
Armor: Scale mail        |    29 |    75 |     8 ||   112
Dodge: Dodged            |    29 |    74 |     5 ||   108
Block: Kite shield       |    50 |   113 |    15 ||   178
